 Dungeon Crawl Stone Soup version 0.27-a0-1456-gf5a116941d (webtiles) character file.

Game seed: 5697996059802187827

728 wesbby the Poker (level 7, 0/61 HPs)
             Began as a Pale Draconian Berserker on July 6, 2021.
             Was a Priest of Trog.
             Slain by Nausicaa's ghost (9 damage)
             ... on level 4 of the Dungeon.
             The game lasted 00:08:01 (4570 turns).

wesbby the Poker (Pale Draconian Berserker)         Turns: 4570, Time: 00:08:02

Health: 0/61       AC:  6    Str: 21    XL:     7   Next: 44%
Magic:  7/7        EV: 13    Int:  7    God:    Trog [***...]
Gold:   192        SH:  0    Dex: 11    Spells: 6/6 levels left

rFire    . . .     SeeInvis .   a - +1 spear
rCold    . . .     Faith    .   (no shield)
rNeg     . . .     Spirit   .   (armour unavailable)
rPois    .         Reflect  .   (helmet restricted)
rElec    .         Harm     .   (no cloak)
rCorr    .         Rampage  .   (no gloves)
Will     .....                  (no boots)
Stlth    +.........             (no amulet)
HPRegen  0.20/turn              (no ring)
MPRegen  0.10/turn              (no ring)

@: on berserk cooldown, very slightly contaminated, slowed, invisible, very slow
A: breathe steam, AC +6, unfitting armour, cold-blooded, steam resistance
a: Breathe Steam, Renounce Religion, Berserk, Trog's Hand


You were on level 4 of the Dungeon.
You worshipped Trog.
Trog was most pleased with you.
You visited 1 branch of the dungeon, and saw 5 of its levels.

You collected 192 gold pieces.

Inventory:

Hand Weapons
 a - a +1 spear (weapon)
 f - a +0 halberd
Jewellery
 k - a ring of wizardry
Wands
 d - a wand of flame (27)
Scrolls
 c - 2 scrolls of enchant armour
 e - a scroll of identify
 g - a scroll of vulnerability {unknown}
 j - a scroll of enchant weapon
Potions
 b - a potion of invisibility
 i - a potion of curing


   Skills:
 * Level 5.5 Fighting
 * Level 6.7 Polearms
 * Level 4.4 Dodging


You had 6 spell levels left.
You didn't know any spells.
Your spell library was empty.

Dungeon Overview and Level Annotations

Branches:
Dungeon (5/15)
 Temple: D:4-7

Altars:
Okawaru

Annotations:
D:4 Nausicaa's ghost, amateur MiBe


Innate Abilities, Weirdness & Mutations

You can breathe blasts of scalding, opaque steam.
Your pale cyan-grey scales are hard. (AC +6)
You cannot fit into any form of body armour.
You are cold-blooded and may be slowed by cold attacks.
You are immune to the effects of steam.


Message History

Your unstable footing causes you to fumble your attack.
The adder barely misses you. Nausicaa's ghost hits you!
The adder closely misses you.
You fade into invisibility!
The adder bites you.
* * * LOW HITPOINT WARNING * * *
Nausicaa's ghost misses you.
You are very lightly contaminated with residual magic.
You barely miss Nausicaa's ghost.
You tail-slap Nausicaa's ghost, but do no damage.
Nausicaa's ghost is heavily damaged.
The adder barely misses you. Nausicaa's ghost hits you.
* * * LOW HITPOINT WARNING * * *
The adder misses you.
You closely miss Nausicaa's ghost.
Nausicaa's ghost is heavily damaged.
Nausicaa's ghost hits you.
* * * LOW HITPOINT WARNING * * *
The adder closely misses you. Nausicaa's ghost barely misses you.
The adder bites you.
* * * LOW HITPOINT WARNING * * *
Your unstable footing causes you to fumble your attack.
The adder closely misses you.
Nausicaa's ghost hits you but does no damage.
Your unstable footing causes you to fumble your attack.
The adder barely misses you. Nausicaa's ghost closely misses you.
The adder bites you but does no damage.
You hit Nausicaa's ghost.
Nausicaa's ghost is heavily damaged.
The adder closely misses you.
Nausicaa's ghost hits you but does no damage.
Your unstable footing causes you to fumble your attack.
The adder closely misses you. Nausicaa's ghost barely misses you.
The adder closely misses you.
Your unstable footing causes you to fumble your attack.
Nausicaa's ghost completely misses you. The adder barely misses you.
You closely miss Nausicaa's ghost.
Nausicaa's ghost is heavily damaged.
The adder bites you but does no damage. Nausicaa's ghost hits you!
You die...

#..###.#...........#.#.#.#..#
##...#.#...........#.#.#.#..#
####.#.##..........#.#...#..#
...#............#..#.#####..#
##........#######...........#
##........# #...........#
##.###....# ##...#########
##.# #....########..# ##.#
######≈(≈≈W@S..# ..>#
########.## ..## ##..# ###
####


You could see Nausicaa's ghost and an adder.

Vanquished Creatures
  Edmund (D:4)
  2 necrophages
  2 phantoms
  A bullfrog (D:4)
  A water moccasin skeleton (D:4)
  A bullfrog zombie (D:4)
  An orc wizard (D:4)
  A hound skeleton (D:4)
  An adder (D:4)
  2 ufetubi (D:4)
  4 worms
  2 dart slugs (D:2)
  7 orcs
  6 ball pythons
  3 bats
  6 endoplasms
  8 giant cockroaches
  7 goblins
  6 hobgoblins
  3 quokkas
  4 frilled lizards
  9 kobolds
  2 rats
80 creatures vanquished.

Notes
Turn   | Place    | Note
-------+----------+-------------------------------------------
     0 | D:1      | wesbby the Draconian Berserker began the quest for the Orb.
     0 | D:1      | Reached XP level 1. HP: 19/19 MP: 1/1
   518 | D:1      | Reached XP level 2. HP: 26/26 MP: 2/2
   692 | D:1      | Found a faded altar of an unknown god.
  1386 | D:2      | Reached XP level 3. HP: 33/33 MP: 3/3
  1633 | D:2      | Reached ** piety under Trog
  1993 | D:2      | Noticed a necrophage
  2000 | D:2      | Killed a necrophage
  2001 | D:2      | Reached skill level 4 in Polearms
  2001 | D:2      | Reached XP level 4. HP: 41/41 MP: 4/4
  2233 | D:3      | Reached XP level 5. HP: 47/47 MP: 5/5
  2287 | D:3      | Noticed a phantom
  2299 | D:3      | Killed a phantom
  2300 | D:3      | Reached skill level 5 in Polearms
  2960 | D:4      | Noticed Edmund
  2971 | D:4      | Killed Edmund
  2972 | D:4      | Reached XP level 6. HP: 39/55 MP: 6/6
  3321 | D:4      | Reached skill level 5 in Fighting
  3321 | D:4      | Reached skill level 6 in Polearms
  3648 | D:4      | Reached *** piety under Trog
  3759 | D:5      | Entered Level 5 of the Dungeon
  3769 | D:4      | Your scales start taking on a pale cyan-grey colour.
  3769 | D:4      | Reached XP level 7. HP: 36/61 MP: 7/7
  3769 | D:4      | Gained mutation: You are immune to the effects of steam.
                  | [Pale Draconian growth]
  3952 | D:4      | Found a runed translucent door.
  4210 | D:4      | Found an iron altar of Okawaru.
  4535 | D:4      | Noticed Nausicaa's ghost (amateur MiBe)
  4570 | D:4      | Slain by Nausicaa's ghost

Illustrated notes

Levels and vault maps discovered:
D:1:      minmay_arrival_open_corners, layout_loops_ring,
          shapermc_ecumenical_altar_gd, minmay_strange_pillars
D:2:      minmay_razor_zed, layout_basic
D:3:      layout_loops_cross, kennysheep_generic_room_16
D:4:      layout_rooms, overflow_temple_1_default, serial_corexii_hall,
          chequers_hall_statues_y, chequers_hall_statues_wall_a,
          corexii_hall_statues_l, corexii_hall_statues_l, ebering_ghost_sewer_d,
          minivault_26, roderic_lattice_a, minmay_misc_feat_five, uniq_edmund
D:5:      layout_cave_pools, minivault_11, uniq_duvessa

Skill      XL: |  1  2  3  4  5  6 |
---------------+-------------------+-----
Dodging        | 3 4 |  4.4
Fighting       | 4 5 |  5.5
Polearms       | 4 5 6 |  6.7

Action                   |  1- 3 |  4- 6 |  7- 9 || total
-------------------------+-------+-------+-------++-------
Melee: Spear             |   127 |   162 |    56 ||   345
       Tailslap          |    10 |    13 |    10 ||    33
Invok: Berserk           |     1 |     6 |     2 ||     9
       Trog's Hand       |       |     2 |       ||     2
  Use: Potion            |     4 |     1 |     1 ||     6
       Scroll            |     3 |     5 |       ||     8
 Stab: Sleeping          |     2 |     1 |       ||     3
Armor: Skin              |    17 |    48 |    24 ||    89
Dodge: Dodged            |    51 |   107 |    42 ||   200

Table legend: (Time is in decaauts)
 A = Elapsed time spent in this place.
 B = Non-inter-level travel time spent in this place.
 C = Inter-level travel time spent in this place.
 D = Time resting spent in this place.
 E = Time spent auto-exploring this place.
 F = Levels seen in this place.
 G = Mean time per level.
                   A        B        C        D        E       F      G
               +--------+--------+--------+--------+--------+-----+--------+
         Total |   4583 |   4373 |    210 |    408 |   3266 |   5 |  916.6 |
       Dungeon |   4583 |   4373 |    210 |    408 |   3266 |   5 |  916.6 |
               +--------+--------+--------+--------+--------+-----+--------+

Top non-repeatable levels by time:
     D:4: 1642 daAuts
     D:2: 1190 daAuts
     D:1: 951 daAuts
     D:3: 797 daAuts
     D:5: 1 daAuts
